AoeStats
← MCWest

Arabia

509537340Analyzed
1v1 RM · 7d ago on Sep 27, 2026· 28m 35s· 2 players
Game mode
Random Map
Map size
Tiny (2 player)
Population
200
Speed
Normal
Resources
Standard
Victory
Conquest
Starting age
Dark Age
Ending age
Imperial Age
RankedLock teamsTeams togetherTeam positionsShared explorationLock speedFull tech treeHidden civsTurbo modeCheats
Victory
Defeat
🇦🇺 Danes · Australia
1476
+9
🇲🇽 Maya · Mexico
1308
-9
MCWest
6:28 Loom
9:34 Feudal Age
9:47 Man-at-Arms
14:05 Arson
17:24 Wheelbarrow
17:45 Forging
19:04 Scale Mail Armor
24:06 Castle Age
24:16 Long Swordsman
25:15 Chain Mail Armor
25:15 Squires
25:19 Gambesons
JaMx | Don Zarigüeyo
0:28 Loom
14:09 Feudal Age
14:14 Man-at-Arms
25:02 Arson
25:52 Fletching
26:02 Padded Archer Armor
27:58 Wheelbarrow
Connection lost

Rejoining the realm…

Still unreachable

The connection could not be restored.

Session expired

The server has moved on; the page needs a fresh start.